 Dungeon Crawl Stone Soup version 0.18.1-50-g88ac8fd (webtiles) character file.

9124 grisgris the Unseen (level 11, -3/68 HPs)
             Began as a Vampire Enchanter on Oct 24, 2016.
             Was a Believer of Sif Muna.
             Slain by an eight-headed hydra (13 damage)
             ... on level 2 of the Lair of Beasts.
             The game lasted 00:41:04 (12330 turns).

grisgris the Unseen (Vampire Enchanter)            Turns: 12330, Time: 00:41:05

Health: -3/68      AC:  8    Str:  7    XL:     11   Next: 18%
Magic:  13/20      EV: 15    Int: 21    God:    Sif Muna [**....]
Gold:   952        SH:  0    Dex: 15    Spells: 2 memorised, 18 levels left

rFire  . . .     SeeInvis +     r - +2 short sword (vamp)
rCold  + . .     Gourm    .     b - +2 robe
rNeg   + + .     Faith    .     (no shield)
rPois  +         Spirit   .     a - +0 helmet
rElec  .         Dismiss  .     (no cloak)
rCorr  +         Reflect  .     A - +2 pair of gloves
SustAt +         Harm     .     (no boots)
MR     +....                    z - amulet of magic regeneration
Stlth  +++++++++.               w - ring of resist corrosion
                                d - ring of sustain attributes

@: regenerating slowly, somewhat resistant to hostile enchantments, incredibly
stealthy
A: fangs 3, see invisible, unbreathing
a: Bat Form, Channel Energy, Renounce Religion


You were on level 2 of the Lair of Beasts.
You worshipped Sif Muna.
Sif Muna was pleased with you.
You were thirsty.

You visited 3 branches of the dungeon, and saw 12 of its levels.
You also visited: Ossuary.

You collected 952 gold pieces.

Inventory:

Hand Weapons
 r - a +2 vampiric short sword (weapon)
Armour
 a - a +0 helmet (worn)
 b - a +2 robe (worn)
 A - a +2 pair of gloves (worn)
Jewellery
 d - a ring of sustain attributes (left hand)
 w - a ring of resist corrosion (right hand)
 z - an amulet of magic regeneration (around neck)
Wands
 e - a wand of lightning (9/15)
 j - a wand of digging (14/24)
 m - a wand of iceblast (7/15)
 o - a wand of disintegration (10/24)
 p - a wand of acid (6/15)
 s - a wand of random effects (31/48)
 x - a wand of flame (28/48)
 y - a wand of iceblast (10/15)
Scrolls
 f - 6 scrolls of remove curse
 g - a scroll of blinking
 h - a scroll of fog
 k - a scroll of amnesia
 l - a scroll of recharging
Potions
 n - 3 potions of invisibility
 q - a potion of haste
 u - a potion of resistance
 v - a potion of cancellation
Books
 c - a book of Maledictions

   Spells                             Type                      Level
   a - Corona                         Hexes                        1
   b - Ensorcelled Hibernation        Hexes/Ice                    2
   c - Confuse                        Hexes                        3
   d - Tukima's Dance                 Hexes                        3
   e - Dazzling Spray                 Conjuration/Hexes            3
 i - a book of Necromancy

   Spells                             Type                      Level
   a - Pain                           Necromancy                   1
   b - Animate Skeleton               Necromancy                   1
   c - Vampiric Draining              Necromancy                   3
   d - Regeneration                   Charms/Necromancy            3
   e - Animate Dead                   Necromancy                   4
   f - Control Undead                 Necromancy                   4
 t - a book of Battle

   Spells                             Type                      Level
   a - Infusion                       Charms                       1
   b - Shroud of Golubria             Charms/Translocation         2
   c - Song of Slaying                Charms                       2
   d - Spectral Weapon                Hexes/Charms                 3
   e - Regeneration                   Charms/Necromancy            3
 B - a book of the Sky

   Spells                             Type                      Level
   a - Summon Lightning Spire         Summoning/Air                4
   b - Airstrike                      Air                          4
   c - Silence                        Hexes/Air                    5
   d - Deflect Missiles               Charms/Air                   6
   e - Conjure Ball Lightning         Conjuration/Air              6
   f - Tornado                        Air                          9


   Skills:
 + Level 2.8 Short Blades
 + Level 5.3 Dodging
 * Level 18.6 Stealth
 + Level 6.6 Spellcasting
 + Level 10.0 Hexes
 + Level 4.9 Ice Magic


You had 18 spell levels left.
You knew the following spells:

 Your Spells              Type           Power        Failure   Level  Hunger
a - Ensorcelled Hibernat  Hex/Ice        #####.       1%          2    None
b - Confuse               Hex            #####...     1%          3    #......


Dungeon Overview and Level Annotations

Branches:
Dungeon (9/15)             Temple (1/1) D:6            Lair (2/8) D:9
    Orc: D:9-12

Altars:
Cheibriados
Dithmenos
Fedhas
Makhleb
Okawaru
Sif Muna
Trog
Xom
Yredelemnul


Innate Abilities, Weirdness & Mutations

You heal slowly.
You have razor-sharp teeth.
You have supernaturally acute eyesight.
You can survive without breathing.


Message History

The eight-headed hydra bites you!
The eight-headed hydra closely misses you.
The eight-headed hydra barely misses you.
The eight-headed hydra bites you but does no damage.
The eight-headed hydra bites you!
You hit the eight-headed hydra.
You feel better.
The eight-headed hydra is lightly wounded.
You puncture the eight-headed hydra!
The eight-headed hydra is moderately wounded.
The eight-headed hydra closely misses you.
The eight-headed hydra bites you!
* * * LOW HITPOINT WARNING * * *
The eight-headed hydra barely misses you.
The eight-headed hydra bites you.
* * * LOW HITPOINT WARNING * * *
The eight-headed hydra closely misses you.
The eight-headed hydra bites you but does no damage.
The eight-headed hydra barely misses you.
The eight-headed hydra bites you!
You die...

... .... ...... ###
......############.##
......†.....##......#
....................#
...............#....#
....................#
..............@.....#
..#............D....#
#.#.................#
...................#
#....................#
#...♣...+.##.##P###.###
........#.#.##### ###
.... #...#.#
♣..####.##.####


You could see an eight-headed hydra (confused).

Vanquished Creatures
  The ghost of lorenzova the Eclecticist, a journeyman DECj of Sif Muna (Lair:1)
  A cyclops (D:9)
  2 spiny frogs (Lair:1)
  2 rime drakes (Lair:1)
  A wraith (D:9)
  4 yaks (Lair:1)
  3 hippogriffs
  A hungry ghost (D:9)
  A water moccasin (D:9)
  2 ice beasts (D:8)
  A porcupine (Lair:1)
  A black bear (D:9)
  4 sky beasts
  3 orc warriors
  2 phantoms
  5 wolves
  3 ogres
  5 centaurs
  2 crocodiles
  2 big kobolds (D:8)
  6 giant frogs
  3 scorpions
  5 killer bees
  2 vampire bats (Lair:1)
  7 wights (D:8)
  A howler monkey (D:6)
  6 jellies
  7 crimson imps
  A centaur zombie (D:9)
  A human zombie (D:4)
  2 wasp zombies
  A giant frog zombie (D:8)
  6 hounds
  2 orc priests (D:7)
  5 orc wizards
  A human skeleton (D:4)
  Jessica (D:2)
  A giant frog skeleton (D:6)
  7 iguanas
  6 worker ants
  A hound zombie (D:5)
  2 hound skeletons (D:6)
  A mummy (Ossuary)
  A worker ant zombie (D:6)
  A howler monkey skeleton (D:9)
  A howler monkey zombie (D:9)
  9 adders
  26 river rats
  2 shadow imps
  2 white imps (Lair:1)
  An ooze (D:4)
  2 adder skeletons
  An adder zombie (D:9)
  6 worms
  8 giant geckos
  24 orcs
  3 ball pythons
  11 bats
  5 giant cockroaches
  A goblin (D:3)
  3 hobgoblins
  15 jackals
  15 kobolds
  7 quokkas
  4 giant newts
  2 jackal skeletons
  4 orc skeletons (D:4)
  6 rats
281 creatures vanquished.

Vanquished Creatures (others)
  A fungus (Lair:1)
  A withered plant (Ossuary)
2 creatures vanquished.

Grand Total: 283 creatures vanquished

Notes
Turn   | Place    | Note
--------------------------------------------------------------
     0 | D:1      | grisgris the Vampire Enchanter began the quest for the Orb.
     0 | D:1      | Reached XP level 1. HP: 13/13 MP: 3/3
   461 | D:1      | Reached XP level 2. HP: 19/19 MP: 3/5
   465 | D:1      | Learned a level 2 spell: Ensorcelled Hibernation
   933 | D:2      | Reached skill level 5 in Stealth
  1123 | D:2      | Reached XP level 3. HP: 18/24 MP: 1/6
  1434 | D:2      | Noticed Jessica
  1438 | D:2      | Killed Jessica
  1438 | D:2      | Reached skill level 6 in Stealth
  1559 | D:2      | Gained mutation: You have a somewhat thin skeletal structure (Dex +2, Stealth). [potion of mutation]
  1559 | D:2      | Gained mutation: You are partially covered in rough black scales (AC +4, Dex -1). [potion of mutation]
  1559 | D:2      | Gained mutation: You have a pair of small horns on your head. [potion of mutation]
  1800 | D:3      | Learned a level 3 spell: Confuse
  1811 | D:3      | Reached XP level 4. HP: 30/30 MP: 3/7
  1875 | D:3      | Reached skill level 5 in Hexes
  2090 | D:3      | Reached skill level 7 in Stealth
  2111 | D:3      | Reached XP level 5. HP: 35/35 MP: 2/8
  2412 | D:4      | Noticed a phantom
  2638 | D:4      | Killed a phantom
  2687 | D:4      | Reached skill level 1 in Ice Magic
  2743 | D:4      | Found a sand-covered staircase.
  2758 | D:4      | Reached XP level 6. HP: 12/41 MP: 3/10
  2890 | D:4      | Reached skill level 8 in Stealth
  2955 | Ossuary  | Entered an ossuary
  3456 | D:5      | Entered Level 5 of the Dungeon
  3630 | D:4      | Lost mutation: You have a somewhat thin skeletal structure (Dex +2, Stealth). [potion of cure mutation]
  3630 | D:4      | Lost mutation: You have a pair of small horns on your head. [potion of cure mutation]
  3630 | D:4      | Lost mutation: You are partially covered in rough black scales (AC +4, Dex -1). [potion of cure mutation]
  4244 | D:6      | Reached XP level 7. HP: 11/46 MP: 9/12
  4322 | D:6      | Reached skill level 9 in Stealth
  4439 | D:6      | Found a basalt altar of Yredelemnul.
  4560 | D:6      | Found a staircase to the Ecumenical Temple.
  4572 | Temple   | Entered the Ecumenical Temple
  4584 | Temple   | Became a worshipper of Sif Muna the Loreminder
  4624 | D:6      | Reached skill level 10 in Stealth
  4894 | D:5      | Reached XP level 8. HP: 24/52 MP: 10/14
  4976 | D:5      | Reached skill level 11 in Stealth
  5686 | D:5      | Reached * piety under Sif Muna
  6409 | D:5      | Reached skill level 12 in Stealth
  6705 | D:6      | Reached skill level 5 in Spellcasting
  7181 | D:7      | Found a snail-covered altar of Cheibriados.
  7266 | D:7      | Reached XP level 9. HP: 57/57 MP: 9/16
  7752 | D:8      | Reached skill level 13 in Stealth
  8735 | D:9      | Reached ** piety under Sif Muna
  8735 | D:9      | Reached skill level 14 in Stealth
  8788 | D:9      | Noticed a cyclops
  9208 | D:8      | Reached skill level 15 in Stealth
  9413 | D:9      | Reached XP level 10. HP: 63/63 MP: 12/19
  9667 | D:9      | Killed a cyclops
  9934 | D:9      | Found a blossoming altar of Fedhas.
  9981 | D:9      | Reached skill level 16 in Stealth
 10117 | D:9      | Found a staircase to the Lair.
 10346 | D:9      | Reached skill level 5 in Dodging
 10453 | D:9      | Found a blossoming altar of Fedhas.
 10508 | D:9      | Found a blossoming altar of Fedhas.
 10704 | Lair:1   | Entered Level 1 of the Lair of Beasts
 10704 | Lair:1   | Noticed a spiny frog
 10709 | Lair:1   | Killed a spiny frog
 10944 | Lair:1   | Reached skill level 17 in Stealth
 10964 | Lair:1   | Noticed lorenzova's ghost (journeyman DECj)
 11011 | Lair:1   | Killed lorenzova's ghost
 11144 | Lair:1   | Reached skill level 18 in Stealth
 11321 | Lair:1   | Reached XP level 11. HP: 68/68 MP: 20/20
 11448 | Lair:2   | Found a frozen archway.
 11928 | Lair:2   | Reached skill level 10 in Hexes
 12311 | Lair:2   | Noticed an eight-headed hydra
 12330 | Lair:2   | Slain by an eight-headed hydra

Skill      XL: |  1  2  3  4  5  6  7  8  9 10 11 |
---------------+----------------------------------+-----
Stealth        | 5 6 7 8 10 12 15 18 | 18.6
Hexes          | 5 6 7 8 9 10 | 10.0
Dodging        | 3 4 5 |  5.3
Ice Magic      | 1 2 3 4 |  4.9
Spellcasting   | 3 4 5 6 |  6.6
Short Blades   | 2 |  2.8

Action                   |  1- 3 |  4- 6 |  7- 9 | 10-12 || total
-------------------------+-------+-------+-------+-------++-------
Melee: Dagger            |    74 |   256 |   131 |       ||   461
       Bite              |     2 |    24 |    20 |    10 ||    56
       Headbutt          |     1 |    40 |       |       ||    41
       Short sword       |       |       |   117 |   164 ||   281
 Cast: Corona            |     6 |       |       |       ||     6
       Ensorcelled Hiber |    17 |    33 |    82 |    72 ||   204
       Confuse           |       |    25 |    43 |    18 ||    86
 Abil: End Transformatio |       |     2 |     3 |     1 ||     6
       Bat Form          |       |     2 |     3 |     1 ||     6
Evoke: Wand              |       |       |     1 |       ||     1
  Use: Scroll            |     7 |       |     4 |     7 ||    18
       Potion            |     3 |     5 |     7 |     1 ||    16
 Stab: Sleeping          |    18 |    34 |    82 |    77 ||   211
       Confused          |       |     7 |    23 |    20 ||    50
       Distracted        |       |       |     1 |       ||     1
  Eat: Corpse            |       |     1 |     4 |       ||     5
Armor: Robe              |    23 |    49 |    19 |    34 ||   125
Dodge: Dodged            |    60 |   112 |   147 |   144 ||   463
